 Dungeon Crawl Stone Soup version 0.21.1-1-g345015f (webtiles) character file.

70 dv1997 the Chopper (level 4, -7/40 HPs)
             Began as a Hill Orc Monk on July 1, 2018.
             Was a Believer of Makhleb.
             Mangled by a gnoll
             ... wielding a +0 flail
              (9 damage)
             ... on level 3 of the Dungeon.
             The game lasted 00:09:42 (1695 turns).

dv1997 the Chopper (Hill Orc Monk)                  Turns: 1695, Time: 00:09:43

Health: -7/40      AC:  6    Str: 14    XL:     4   Next: 22%
Magic:  4/4        EV: 12    Int: 10    God:    Makhleb [**....]
Gold:   159        SH:  0    Dex: 13    Spells: 3/3 levels left

rFire    . . .     SeeInvis .   a - +0 hand axe
rCold    . . .     Gourm    .   (no shield)
rNeg     . . .     Faith    .   e - +0 leather armour
rPois    .         Spirit   .   j - +1 helmet
rElec    .         Reflect  .   (no cloak)
rCorr    .         Harm     .   (no gloves)
MR       .....                  n - +0 pair of boots
Stlth    ++........             (no amulet)
HPRegen  0.13/turn              (no ring)
MPRegen  0.09/turn              (no ring)

@: no status effects
A: no striking features
a: Minor Destruction, Renounce Religion


You were on level 3 of the Dungeon.
You worshipped Makhleb.
Makhleb was pleased with you.
You were not hungry.

You visited 1 branch of the dungeon, and saw 3 of its levels.

You collected 159 gold pieces.

Inventory:

Hand Weapons
 a - a +0 hand axe (weapon)
Missiles
 f - 4 javelins (quivered)
Armour
 b - a +0 robe
 e - a +0 leather armour (worn)
 j - a +1 helmet (worn)
 n - a +0 pair of boots (worn)
Scrolls
 d - a scroll of enchant weapon {unknown}
 k - 2 scrolls of remove curse {unknown}
 l - a scroll of enchant armour
 m - a scroll of teleportation {unknown}
 o - a scroll of magic mapping {unknown}
 r - a scroll of amnesia {unknown}
Potions
 g - a potion of haste {unknown}
 h - 2 potions of heal wounds {unknown}
 i - 2 potions of might
 p - a potion of berserk rage {unknown}
 q - a potion of curing {unknown}
Comestibles
 c - 9 rations


   Skills:
 + Level 4.2 Fighting
 + Level 5.2 Axes
 + Level 1.2 Armour
 + Level 2.7 Dodging
 + Level 1.7 Stealth


You had 3 spell levels left.
You didn't know any spells.

Dungeon Overview and Level Annotations

Branches:
Dungeon (3/15)

Altars:
Makhleb


Message History

The gnoll hits you with a spear!
You hit the gnoll.
You kill the gnoll!
Makhleb accepts your kill.
You feel better.
You hit the gnoll.
The gnoll is moderately wounded.
The gnoll hits you but does no damage. The gnoll barely misses you.
You closely miss the gnoll.
The gnoll is moderately wounded.
The gnoll hits you with a flail.
* * * LOW HITPOINT WARNING * * *
The gnoll hits you from afar with a spear.
* * * LOW HITPOINT WARNING * * *
You hit the gnoll.
The gnoll is heavily wounded.
The gnoll hits you from afar with a spear.
* * * LOW HITPOINT WARNING * * *
The gnoll hits you with a flail!
You die...

... ... ... #.#
#.# #.# #.# #g#
#.# #g# #.# #@#
#<# #.# ## #.# #.#
.# #.# #.#
.#########.#####.#
.................#
##################


You could see 2 gnolls.

Vanquished Creatures
  A gnoll (D:3)
  2 adders
  3 dart slugs
  A worm (D:2)
  A leopard gecko (D:1)
  An orc (D:2)
  3 bats
  A giant cockroach (D:1)
  3 goblins
  3 hobgoblins (D:1)
  2 jackals (D:1)
  2 frilled lizards
  5 kobolds
  7 rats
35 creatures vanquished.

Notes
Turn   | Place    | Note
-------+----------+-------------------------------------------
     0 | D:1      | dv1997 the Hill Orc Monk began the quest for the Orb.
     0 | D:1      | Reached XP level 1. HP: 19/19 MP: 1/1
   196 | D:1      | Reached XP level 2. HP: 25/27 MP: 2/2
   793 | D:1      | Reached XP level 3. HP: 23/33 MP: 3/3
   902 | D:2      | Found a burning altar of Makhleb.
   995 | D:2      | Became a worshipper of Makhleb the Destroyer
   995 | D:2      | Reached * piety under Makhleb
   995 | D:2      | Reached ** piety under Makhleb
  1030 | D:2      | Reached skill level 5 in Axes
  1030 | D:2      | Reached skill level 1 in Armour
  1391 | D:2      | Reached XP level 4. HP: 40/40 MP: 4/4
  1695 | D:3      | HP: 2/40 [gnoll/spear (5)]
  1695 | D:3      | Mangled by a gnoll

Skill      XL: |  1  2  3 |
---------------+----------+-----
Fighting       | 4 |  4.2
Axes           | 5 |  5.2
Armour         | 1 |  1.2
Dodging        | |  2.7
Stealth        | |  1.7

Action                   |  1- 3 |  4- 6 || total
-------------------------+-------+-------++-------
Melee: Hand axe          |   110 |    13 ||   123
  Use: Potion            |     1 |       ||     1
       Scroll            |       |     1 ||     1
 Stab: Sleeping          |     1 |       ||     1
  Eat: Ration            |     1 |       ||     1
Armor: Robe              |     1 |       ||     1
       Leather armour    |    23 |     1 ||    24
Dodge: Dodged            |    66 |     5 ||    71
